 Dungeon Crawl Stone Soup version 0.30-a0-570-g486de37d69 (webtiles) character file.

Game seed: 587006828195969170

1384 tilp the Slasher (level 9, -1/74 HPs)
             Began as a Meteoran Fighter on Dec 29, 2022.
             Killed from afar by Ijyb (9 damage)
             ... with a puff of flame
             ... on level 5 of the Dungeon.
             The game lasted 00:13:19 (2293 turns).

tilp the Slasher (Meteoran Fighter)                 Turns: 2293, Time: 00:13:20

Health: -1/74      AC:  7    Str: 17    XL:     9   Next: 19%
Magic:  10/10      EV: 12    Int: 12    God:
Gold:   312        SH:  5    Dex: 17    Spells: 8/8 levels left

rFire   . . .      SeeInvis .    a - +1 long sword (freeze)
rCold   . . .      Faith    .    c - +0 buckler
rNeg    . . .      Spirit   .    b - +0 scale mail
rPois   .          Reflect  .    (no helmet)
rElec   .          Harm     .    (no cloak)
rCorr   .          Rampage  .    (no gloves)
Will    +....                    (no boots)
Stlth   +                        (no amulet)
HPRegen 0.32/turn                (no ring)
MPRegen 0.12/turn                (no ring)

@: glowing
A: sense surroundings 2, otherworldly, glowing, explore regen
a: no special abilities


You were on level 5 of the Dungeon.
You visited 2 branches of the dungeon, and saw 7 of its levels.
You also visited: Sewer.

You collected 312 gold pieces.

Inventory:

Hand Weapons
 a - a +1 long sword of freezing (weapon)
 j - a +0 rapier
Missiles
 i - 2 javelins
 l - 4 atropa-tipped darts
 o - 17 poisoned darts (quivered)
Armour
 b - a +0 scale mail (worn)
 c - a +0 buckler (worn)
 e - the +1 pair of boots "Toloi" {+Inv Will++ Slay-4}
   (You found it in a sewer)

   Slay:      It affects your accuracy & damage with ranged weapons and melee
   (-4).
   +Inv:      It lets you turn invisible.
   Will:      It greatly increases your willpower.
Wands
 q - a wand of iceblast (5)
 t - a wand of charming (7)
Scrolls
 d - 6 scrolls of teleportation
 f - a scroll of amnesia {unknown}
 g - a scroll of blinking
Potions
 n - a potion of curing
 p - a potion of degeneration {unknown}


   Skills:
 * Level 5.5 Fighting
 * Level 5.7 Long Blades
 + Level 3.2 Throwing
 + Level 5.3 Armour
 * Level 5.7 Dodging
 + Level 3.2 Stealth
 - Level 4.0 Shields
 * Level 2.8 Evocations


You had 8 spell levels left.
You didn't know any spells.
Your spell library was empty.

Dungeon Overview and Level Annotations

Branches:
Dungeon (6/15) Zot: 1568   Temple (1/1) D:5 Zot: 594   Sewer (visited)

Altars:
Ashenzari
Cheibriados
Dithmenos
Elyvilon
Gozag
Hepliaklqana
Kikubaaqudgha
Makhleb
Nemelex Xobeh
Qazlal
Ru
Sif Muna
Trog
Uskayaw
Vehumet
Wu Jian
Xom
Yredelemnul
The Shining One

Annotations:
D:5 Ijyb


Innate Abilities, Weirdness & Mutations

You passively map the area around you.
You are easily found by Zot.
You glow in the dark.
You regain HP and MP as you explore.


Message History

The puff of flame hits you.
* * * LOW HITPOINT WARNING * * *
The black bear barely misses you. The black bear claws you.
* * * LOW HITPOINT WARNING * * *
The black bear claws you but does no damage.
The ice beast hits the bush.
The ice beast freezes the bush!
The hound bites the bush but does no damage.
You hit the black bear. You freeze the black bear.
The black bear is almost dead.
The hound bites the bush but does no damage.
Ijyb hits the bush with a +0 club.
The black bear bites you!
* * * LOW HITPOINT WARNING * * *
The black bear claws you but does no damage.
The black bear barely misses you.
The ice beast hits the bush.
The ice beast freezes the bush!
The hound completely misses the bush.
Ijyb zaps a wand.
The puff of flame hits you.
* * * LOW HITPOINT WARNING * * *
The black bear goes berserk!
The ice beast hits the bush but does no damage.
You closely miss the black bear.
The black bear is severely wounded.
The hound bites the bush but does no damage.
The black bear closely misses you. The black bear claws you.
* * * LOW HITPOINT WARNING * * *
The black bear misses you.
Ijyb screams, "Die!"
Ijyb hits the bush but does no damage.
The ice beast hits the bush but does no damage.
The hound bites the bush.
You closely miss the black bear.
The black bear is severely wounded.
You block the black bear's attack. The black bear misses you.
You block the black bear's attack.
The hound bites the bush but does no damage.
The black bear bites you.
* * * LOW HITPOINT WARNING * * *
You block the black bear's attack. The black bear claws you.
* * * LOW HITPOINT WARNING * * *
Ijyb zaps a wand.
The puff of flame hits you!
You die... , PP.PPPPPPPPP * * ** ..P.P...P.P# * , ,#PPP.P.PPP.P.P##### * .. *, ..........P......# * ..
PPPPP.PPPPP.P###.# *, . * .....P...P.P# #.# . , PPPPPhPPP.P.P# #.#####* , P...Pgh.P...P# #.....# P.PPPYP@P.PPP# #.....# P.....P.....P# #.....# P.PPPPPPPPPPP#

#.....#
*...############
#.....# ##
#.....# ##.....#
#......###
####.........
#............


You could see a black bear (berserk), an ice beast, Ijyb and a hound.

Vanquished Creatures
  Sigmund (D:4)
  2 yaks (D:5)
  Menkaure (D:4)
  Duvessa (D:4)
  A black bear (D:5)
  A centaur (D:5)
  2 bullfrogs (Sewer)
  Dowan (D:4)
  A howler monkey (D:4)
  2 jellies (D:4)
  An iguana (D:5)
  2 gnolls (D:5)
  4 adders
  2 dart slugs
  An orc (D:5)
  3 bats
  14 endoplasms
  13 giant cockroaches
  A goblin (D:4)
  3 hobgoblins (D:4)
  2 jackals (D:1)
  12 kobolds
  11 quokkas
  8 ball pythons
  9 frilled lizards
  5 rats
104 creatures vanquished.

Vanquished Creatures (collateral kills)
  A yak (D:5)
  A gnoll (D:5)
  An orc (D:5)
3 creatures vanquished.

Vanquished Creatures (others)
  2 yaks (D:5)
  8 fungi (D:4)
  4 toadstools (D:4)
14 creatures vanquished.

Grand Total: 121 creatures vanquished

Notes
Turn   | Place    | Note
-------+----------+-------------------------------------------
     0 | D:1      | tilp the Meteoran Fighter began the quest for the Orb.
     0 | D:1      | Reached XP level 1. HP: 19/19 MP: 2/2
    71 | D:2      | Found a faded altar of an unknown god.
   107 | D:1      | Reached XP level 2. HP: 21/26 MP: 3/3
   146 | D:1      | Reached skill level 1 in Dodging
   354 | D:3      | Reached XP level 3. HP: 31/31 MP: 4/4
   371 | D:3      | Found a radiant altar of Vehumet.
   456 | D:3      | Found a glowing drain.
   460 | Sewer    | Entered a sewer
   500 | Sewer    | Reached XP level 4. HP: 38/38 MP: 5/5
   702 | Sewer    | Reached skill level 1 in Stealth
   706 | Sewer    | Reached XP level 5. HP: 45/46 MP: 6/6
   724 | Sewer    | Noticed a bullfrog
   724 | Sewer    | Noticed a bullfrog
   737 | Sewer    | Killed a bullfrog
   741 | Sewer    | Killed a bullfrog
   742 | Sewer    | Reached XP level 6. HP: 33/52 MP: 7/7
   756 | Sewer    | Identified the +1 pair of boots "Toloi" {+Inv Will++
                  | Slay-4}
   893 | D:3      | Found a shadowy altar of Dithmenos.
  1008 | D:5      | Entered Level 5 of the Dungeon
  1048 | D:6      | Noticed an ice beast
  1116 | D:4      | Noticed Menkaure
  1121 | D:4      | Killed Menkaure
  1122 | D:4      | Reached XP level 7. HP: 45/59 MP: 8/8
  1229 | D:4      | Found a sacrificial altar of Ru.
  1248 | D:4      | Noticed Sigmund
  1261 | D:4      | Killed Sigmund
  1262 | D:4      | Reached skill level 1 in Throwing
  1353 | D:4      | Found a white marble altar of Elyvilon.
  1422 | D:4      | Noticed Duvessa
  1423 | D:4      | Noticed Dowan
  1446 | D:4      | Killed Duvessa
  1450 | D:4      | Reached XP level 8. HP: 33/67 MP: 9/9
  1476 | D:4      | Killed Dowan
  2013 | D:5      | Noticed a yak
  2013 | D:5      | Noticed a yak
  2016 | D:5      | Noticed a yak
  2034 | D:5      | Noticed a yak
  2034 | D:5      | Noticed a yak
  2041 | D:5      | Reached skill level 1 in Evocations
  2059 | D:5      | Killed a yak
  2060 | D:5      | Reached skill level 5 in Fighting
  2060 | D:5      | Reached skill level 5 in Long Blades
  2060 | D:5      | Reached skill level 5 in Armour
  2060 | D:5      | Reached skill level 5 in Dodging
  2113 | D:5      | Killed a yak
  2114 | D:5      | Gained mutation: You passively map the area around you.
                  | [Meteoran growth]
  2114 | D:5      | Reached XP level 9. HP: 25/74 MP: 10/10
  2193 | D:5      | Found a staircase to the Ecumenical Temple.
  2201 | Temple   | Entered the Ecumenical Temple
  2267 | D:5      | Noticed Ijyb
  2293 | D:5      | Killed from afar by Ijyb

Illustrated notes

Levels and vault maps discovered:
D:1:      minmay_arrival_hallway, layout_rooms, minmay_crystal_water,
          chequers_serial_rivers_micro_c, chequers_avenue, skrybe_limestone_x
D:2:      minmay_door_path, layout_basic, nicolae_ecumenical_pavilion
D:3:      layout_basic, nicolae_overflow_hidden_temple,
          lemuel_coloured_pillars_altar, gup_sewer_entry_bowl,
          kennysheep_generic_room_3
D:4:      cheibrodos_fertilizer, layout_loops_ring, elyvilon_altar_3,
          mainiacjoe_overflow_concentric_impassable, uniq_duvessa, uniq_sigmund,
          uniq_menkaure
D:5:      layout_basic, temple_green, eino_tiny_chamber, minmay_hedge_maze,
          uniq_ijyb
D:6:      minmay_recursive_quarters, layout_basic, zin_treasury,
          hangedman_decor_clover_reticule, lightli_corner_chamber
Temple:   nicolae_temple_no_exploring_needed

Skill      XL: |  1  2  3  4  5  6  7  8  9 |
---------------+----------------------------+-----
Dodging        | 1 2 3 4 5 |  5.7
Armour         | 4 5 |  5.3
Long Blades    | 3 4 5 |  5.7
Stealth        | 1 2 3 |  3.2
Shields        | 4 |  4.0
Fighting       | 4 5 |  5.5
Throwing       | 2 3 |  3.2
Evocations     | 2 |  2.8

Action                   |  1- 3 |  4- 6 |  7- 9 || total
-------------------------+-------+-------+-------++-------
Melee: Long sword        |    90 |   147 |   180 ||   417
Throw: Dart              |     1 |       |     2 ||     3
       Stone             |       |     1 |       ||     1
Evoke: Wand              |       |       |     4 ||     4
  Use: Scroll            |     3 |       |     6 ||     9
       Potion            |       |     1 |     7 ||     8
 Stab: Invisible         |     1 |       |       ||     1
Armor: Scale mail        |    61 |    96 |    73 ||   230
       Skin              |       |       |     7 ||     7
Dodge: Dodged            |    32 |    85 |    67 ||   184
Block: Buckler           |    28 |    47 |    35 ||   110

Table legend: (Time is in decaauts)
 A = Elapsed time spent in this place.
 B = Non-inter-level travel time spent in this place.
 C = Inter-level travel time spent in this place.
 D = Time resting spent in this place.
 E = Time spent auto-exploring this place.
 F = Levels seen in this place.
 G = Mean time per level.
                   A        B        C        D        E       F      G
               +--------+--------+--------+--------+--------+-----+--------+
         Total |   2448 |   2167 |    281 |      7 |      0 |   8 |  306.0 |
       Dungeon |   2030 |   1749 |    281 |      7 |      0 |   6 |  338.3 |
        Temple |      5 |      5 |      0 |      0 |      0 |   1 |    5.0 |
         Sewer |    412 |    412 |      0 |      0 |      0 |   1 |  412.0 |
               +--------+--------+--------+--------+--------+-----+--------+

Top non-repeatable levels by time:
     D:4: 795 daAuts
     D:3: 419 daAuts
     D:5: 415 daAuts
   Sewer: 412 daAuts
     D:1: 180 daAuts
     D:2: 178 daAuts
     D:6: 41 daAuts
  Temple: 5 daAuts
